TOP OF THE 1ST |
Frisco RoughRiders batting - Pitching for Springfield Cardinals : RHP Cooper Meredith
|
Pitching: RHP Cooper Meredith
|
|
Batting: RHB Chris Arena
|
0-0: Called Strike 0-1: Swinging Strike 0-2: Ball 1-2: Ball 2-2: Fly out, F9 (Flyball, 9LSF, EV 79.4 MPH)
|
Batting: RHB Brock Guertin
|
0-0: Ball 1-0: Swinging Strike 1-1: Ground out 4-3 (Groundball, 4M, EV 98.1 MPH)
|
Batting: RHB Scott Anderson
|
0-0: Called Strike 0-1: SINGLE (Line Drive, 89M, EV 103.8 MPH)
|
Batting: LHB Miguel Calderon
|
0-0: Ball 1-0: Foul Ball, location: 2F 1-1: Foul Ball, location: 7LSF 1-2: Strikes out looking
|
Top of the 1st over - 0 runs, 1 hit, 0 errors, 1 left on base; Frisco 0 - Springfield 0 |
BOTTOM OF THE 1ST |
Springfield Cardinals batting - Pitching for Frisco RoughRiders : LHP Andy Durward
|
Pitching: LHP Andy Durward
|
|
Batting: SHB Dave Torres
|
0-0: Ball 1-0: Ball 2-0: SOLO HOME RUN (Flyball, 78XD, EV 101.3 MPH), Distance : 397 ft
|
Batting: SHB Nelson Empasis
|
0-0: Ball 1-0: Fly out, F7 (Flyball, 78D, EV 88.8 MPH)
|
Batting: RHB Pat Ingles
|
0-0: Ball 1-0: Ball 2-0: Ball 3-0: Base on Balls
|
Batting: RHB Carlos Rivera
|
0-0: 2-RUN HOME RUN (Line Drive, 89XD, EV 107.5 MPH), Distance : 413 ft
|
Batting: RHB Juan Santos
|
0-0: Ball 1-0: Swinging Strike 1-1: Called Strike 1-2: Fly out, F4 (Line Drive, 4D, EV 70.6 MPH)
|
Batting: LHB Bill Hughes
|
0-0: DOUBLE (Flyball, 8LXD, EV 103.8 MPH)
|
Batting: RHB Josh Jones
|
0-0: Called Strike 0-1: Foul Ball, location: 9LDF 0-2: Foul Ball, location: 7LSFF 0-2: Ball 1-2: Strikes out swinging
|
Bottom of the 1st over - 3 runs, 3 hits, 0 errors, 1 left on base; Frisco 0 - Springfield 3 |
TOP OF THE 2ND |
Frisco RoughRiders batting - Pitching for Springfield Cardinals : RHP Cooper Meredith
|
Batting: RHB Steve Fitzpatrick
|
0-0: Foul Ball, location: 3FF 0-1: Swinging Strike 0-2: Reached on error, E8 (Flyball, 78M, EV 97.5 MPH)
|
Batting: LHB Chris Franklin
|
0-0: Called Strike 0-1: Ground out 4-3 (Groundball, 4S, EV 68.1 MPH) Steve Fitzpatrick to second
|
Batting: RHB Eddie Phillips
|
0-0: Ball 1-0: Ball 2-0: Ball 3-0: Called Strike 3-1: 2-RUN HOME RUN (Line Drive, 8RXD, EV 111.9 MPH), Distance : 438 ft
|
Batting: RHB Mike Harrell
|
0-0: Foul Ball, location: 2F 0-1: Ball 1-1: Ball 2-1: Ball 3-1: Fly out, F4 (Popup, 4, EV 51.3 MPH)
|
Batting: RHB Justin Coleman
|
0-0: Ball 1-0: Ball 2-0: Fly out, F8 (Line Drive, 8LM, EV 87.5 MPH)
|
Top of the 2nd over - 2 runs, 1 hit, 1 error, 0 left on base; Frisco 2 - Springfield 3 |
BOTTOM OF THE 2ND |
Springfield Cardinals batting - Pitching for Frisco RoughRiders : LHP Andy Durward
|
Batting: LHB Matt Evans
|
0-0: Ball 1-0: Ball 2-0: Called Strike 2-1: Swinging Strike 2-2: Ball 3-2: Base on Balls
|
Batting: RHB Xavier Robinson
|
0-0: Ball 1-0: Ball 2-0: Sac Bunt to 13S - play at second, runner OUT! 1-6
|
Batting: SHB Dave Torres
|
0-0: Foul Ball, location: 2F 0-1: Ball 1-1: Fly out, F7 (Flyball, 7D, EV 81.9 MPH)
|
Batting: SHB Nelson Empasis
|
0-0: Ball 1-0: Ball 2-0: Fielders Choice at 2nd, 6-4 (Groundball, 6, EV 86.3 MPH)
|
Bottom of the 2nd over - 0 runs, 0 hits, 0 errors, 1 left on base; Frisco 2 - Springfield 3 |
TOP OF THE 3RD |
Frisco RoughRiders batting - Pitching for Springfield Cardinals : RHP Cooper Meredith
|
Batting: RHB Chris Arena
|
0-0: Ball 1-0: Ground out 4-3 (Groundball, 4, EV 86.3 MPH)
|
Batting: RHB Brock Guertin
|
0-0: Ball 1-0: Ball 2-0: Single, Error in OF, E8, batter to second base (Groundball, 6MD, EV 101.9 MPH)
|
Batting: RHB Scott Anderson
|
0-0: Foul Ball, location: 9LDF 0-1: Called Strike 0-2: Ball 1-2: SINGLE (Groundball, 6MD, EV 98.1 MPH) Brock Guertin to third Runner from 3rd tries for Home, SAFE, throw by CF to home
|
Batting: LHB Miguel Calderon
|
0-0: Foul Ball, location: 7LMFF 0-1: Called Strike 0-2: Foul Ball, location: 2F 0-2: Strikes out swinging
|
Batting: RHB Steve Fitzpatrick
|
0-0: Foul Ball, location: 2F 0-1: Ball 1-1: Called Strike 1-2: Ball 2-2: Foul Ball, location: 2F 2-2: Foul Ball, location: 25F 2-2: Ball Scott Anderson is caught stealing 2nd base 2-4
|
Top of the 3rd over - 1 run, 2 hits, 1 error, 0 left on base; Frisco 3 - Springfield 3 |
BOTTOM OF THE 3RD |
Springfield Cardinals batting - Pitching for Frisco RoughRiders : LHP Andy Durward
|
Batting: RHB Pat Ingles
|
0-0: Ball 1-0: Ball 2-0: Ball 3-0: Called Strike 3-1: Base on Balls
|
Batting: RHB Carlos Rivera
|
0-0: Swinging Strike 0-1: Ball 1-1: Foul Ball, location: 9LMFF 1-2: Ball 2-2: Ball 3-2: Foul Ball, location: 2F 3-2: Base on Balls Pat Ingles to second
|
Batting: RHB Juan Santos
|
0-0: Foul Ball, location: 2F 0-1: Ball 1-1: Ball 2-1: Foul Ball, location: 2F 2-2: Foul Ball, location: 2RF 2-2: Foul Ball, location: 5F 2-2: Foul Ball, location: 3FF 2-2: Strikes out swinging
|
Batting: LHB Bill Hughes
|
0-0: Ball 1-0: Called Strike Pat Ingles steals 3rd base Carlos Rivera to second 1-1: Ball 2-1: Ball 3-1: Foul Ball, location: 5FF 3-2: Strikes out swinging
|
Batting: RHB Josh Jones
|
0-0: Ball 1-0: Ball 2-0: Ball 3-0: Called Strike 3-1: Called Strike 3-2: Foul Ball, location: 2F 3-2: Foul Ball, location: 2F 3-2: Foul Ball, location: 3FF 3-2: Base on Balls
|
Batting: LHB Matt Evans
|
0-0: Foul Ball, location: 5SF 0-1: Ground out 4-3 (Groundball, 4, EV 85.0 MPH)
|
Bottom of the 3rd over - 0 runs, 0 hits, 0 errors, 3 left on base; Frisco 3 - Springfield 3 |
TOP OF THE 4TH |
Frisco RoughRiders batting - Pitching for Springfield Cardinals : RHP Cooper Meredith
|
Batting: RHB Steve Fitzpatrick
|
0-0: Ball 1-0: Ball 2-0: Ground out 5-3 (Groundball, 5S, EV 78.8 MPH)
|
Batting: LHB Chris Franklin
|
0-0: Hit by Pitch
|
Batting: RHB Eddie Phillips
|
0-0: Ball 1-0: Called Strike Chris Franklin steals 2nd base 1-1: Foul Ball, location: 2LF 1-2: Foul Ball, location: 2F 1-2: Ball 2-2: Strikes out swinging
|
Batting: RHB Mike Harrell
|
0-0: Ball 1-0: Ground out 6-3 (Groundball, 6, EV 108.8 MPH)
|
Top of the 4th over - 0 runs, 0 hits, 0 errors, 1 left on base; Frisco 3 - Springfield 3 |
BOTTOM OF THE 4TH |
Springfield Cardinals batting - Pitching for Frisco RoughRiders : LHP Andy Durward
|
Batting: RHB Xavier Robinson
|
0-0: Foul Ball, location: 5SF 0-1: Ball 1-1: Ball 2-1: Called Strike 2-2: Foul Ball, location: 3SF 2-2: Ground out 6-3 (Groundball, 56, EV 106.9 MPH)
|
Batting: SHB Dave Torres
|
0-0: Ball 1-0: Ground out 6-3 (Groundball, 56, EV 96.9 MPH)
|
Batting: SHB Nelson Empasis
|
0-0: Called Strike 0-1: Ball 1-1: Called Strike 1-2: Ball 2-2: Strikes out swinging
|
Bottom of the 4th over - 0 runs, 0 hits, 0 errors, 0 left on base; Frisco 3 - Springfield 3 |
TOP OF THE 5TH |
Frisco RoughRiders batting - Pitching for Springfield Cardinals : RHP Cooper Meredith
|
Batting: RHB Justin Coleman
|
0-0: Called Strike 0-1: Foul Ball, location: 2F 0-2: Ball 1-2: Strikes out swinging
|
Batting: RHB Chris Arena
|
0-0: Ball 1-0: Called Strike 1-1: Ball 2-1: Fly out, F8 (Flyball, 8RXD, EV 91.9 MPH)
|
Batting: RHB Brock Guertin
|
0-0: Ball 1-0: Foul Ball, location: 2F 1-1: Called Strike 1-2: Ball 2-2: Ground out 1-3 (Groundball, 15S, EV 72.5 MPH)
|
Top of the 5th over - 0 runs, 0 hits, 0 errors, 0 left on base; Frisco 3 - Springfield 3 |
BOTTOM OF THE 5TH |
Springfield Cardinals batting - Pitching for Frisco RoughRiders : LHP Andy Durward
|
Batting: RHB Pat Ingles
|
0-0: Ball 1-0: Ground out 6-3 (Groundball, 56, EV 83.8 MPH)
|
Batting: RHB Carlos Rivera
|
0-0: Ball 1-0: Foul Ball, location: 2F 1-1: Called Strike 1-2: Ball 2-2: Foul Ball, location: 2F 2-2: Ball 3-2: DOUBLE (Line Drive, 78D, EV 106.3 MPH)
|
Batting: RHB Juan Santos
|
0-0: Ball 1-0: Ball 2-0: Ball 3-0: Base on Balls
|
Batting: LHB Bill Hughes
|
0-0: Ball 1-0: Grounds into double play, 4-6-3 (Groundball, 34D, EV 101.3 MPH)
|
Bottom of the 5th over - 0 runs, 1 hit, 0 errors, 1 left on base; Frisco 3 - Springfield 3 |
TOP OF THE 6TH |
Frisco RoughRiders batting - Pitching for Springfield Cardinals : RHP Cooper Meredith
|
Batting: RHB Scott Anderson
|
0-0: Ball 1-0: Called Strike 1-1: Called Strike 1-2: Strikes out looking
|
Batting: LHB Miguel Calderon
|
0-0: Called Strike 0-1: Ball 1-1: Fly out, F7 (Line Drive, 7S, EV 93.1 MPH)
|
Batting: RHB Steve Fitzpatrick
|
0-0: Ball 1-0: SINGLE (Groundball, 34D, EV 105.6 MPH)
|
Batting: LHB Chris Franklin
|
0-0: Called Strike 0-1: Called Strike Steve Fitzpatrick is caught stealing 2nd base 2-6
|
Top of the 6th over - 0 runs, 1 hit, 0 errors, 0 left on base; Frisco 3 - Springfield 3 |
BOTTOM OF THE 6TH |
Springfield Cardinals batting - Pitching for Frisco RoughRiders : LHP Andy Durward
|
Batting: RHB Josh Jones
|
0-0: Ball 1-0: Ball 2-0: Called Strike 2-1: Called Strike 2-2: Foul Ball, location: 5SF 2-2: Foul Ball, location: 3F 2-2: Ball 3-2: SOLO HOME RUN (Flyball, 9LD, EV 90.0 MPH), Distance : 347 ft
|
Pitching: RHP Ryan Stock
|
|
Batting: LHB Matt Evans
|
0-0: Ball 1-0: Foul Ball, location: 2F 1-1: Ball 2-1: Foul Ball, location: 25F 2-2: Ball 3-2: Strikes out swinging
|
Batting: RHB Xavier Robinson
|
0-0: Ball 1-0: Called Strike 1-1: Fly out, F4 (Popup, 34S, EV 71.3 MPH)
|
Batting: SHB Dave Torres
|
0-0: Called Strike 0-1: Ground out 4-3 (Groundball, 4, EV 96.9 MPH)
|
Bottom of the 6th over - 1 run, 1 hit, 0 errors, 0 left on base; Frisco 3 - Springfield 4 |
TOP OF THE 7TH |
Frisco RoughRiders batting - Pitching for Springfield Cardinals : RHP Cooper Meredith
|
Batting: LHB Chris Franklin
|
0-0: Foul Ball, location: 2F 0-1: Called Strike 0-2: Ball 1-2: Foul Ball, location: 7LSF 1-2: Ball 2-2: SINGLE (Groundball, 6MD, EV 100.0 MPH)
|
Pitching: RHP Xavier Clayton
|
|
Batting: RHB Eddie Phillips
|
0-0: Ball 1-0: Foul Ball, location: 9LSF 1-1: Ball 2-1: Foul Ball, location: 5F 2-2: Grounds into double play, 1-6-3 (Groundball, 13S, EV 76.9 MPH)
|
Pinch Hitting: LHB Charlie Gagne
|
0-0: Ball 1-0: Ball 2-0: Ball 3-0: Called Strike 3-1: Called Strike 3-2: Fly out, F9 (Line Drive, 9, EV 95.6 MPH)
|
Top of the 7th over - 0 runs, 1 hit, 0 errors, 0 left on base; Frisco 3 - Springfield 4 |
BOTTOM OF THE 7TH |
Springfield Cardinals batting - Pitching for Frisco RoughRiders : RHP Ryan Stock
|
Now at 1B: Charlie Gagne
|
|
Batting: SHB Nelson Empasis
|
0-0: Ball 1-0: Ball 2-0: Fly out, F5 (Popup, 5L, EV 78.1 MPH)
|
Batting: RHB Pat Ingles
|
0-0: Fly out, F9 (Line Drive, 9, EV 106.9 MPH)
|
Batting: RHB Carlos Rivera
|
0-0: Ball 1-0: Fly out, F8 (Flyball, 8LD, EV 88.1 MPH)
|
Bottom of the 7th over - 0 runs, 0 hits, 0 errors, 0 left on base; Frisco 3 - Springfield 4 |
TOP OF THE 8TH |
Frisco RoughRiders batting - Pitching for Springfield Cardinals : RHP Xavier Clayton
|
Pitching: RHP Brian Pitts
|
|
Batting: RHB Justin Coleman
|
0-0: Ground out 6-3 (Groundball, 56, EV 106.9 MPH)
|
Pinch Hitting: SHB Frank Yoder
|
0-0: Foul Ball, location: 7LMF 0-1: Swinging Strike 0-2: Ball 1-2: Strikes out looking
|
Batting: RHB Brock Guertin
|
0-0: Called Strike 0-1: Called Strike 0-2: Ball 1-2: Strikes out swinging
|
Top of the 8th over - 0 runs, 0 hits, 0 errors, 0 left on base; Frisco 3 - Springfield 4 |
BOTTOM OF THE 8TH |
Springfield Cardinals batting - Pitching for Frisco RoughRiders : RHP Ryan Stock
|
Now at 3B: Frank Yoder
|
|
Now at SS: Eddie Phillips
|
|
Batting: RHB Juan Santos
|
0-0: Ball 1-0: Foul Ball, location: 2RF 1-1: Ball 2-1: Swinging Strike 2-2: Ground out 1-3 (Groundball, 13S, EV 73.8 MPH)
|
Batting: LHB Bill Hughes
|
0-0: Called Strike 0-1: Ball 1-1: SINGLE (Groundball, 56D, EV 98.1 MPH)
|
Batting: RHB Josh Jones
|
0-0: Hit by Pitch Bill Hughes to second
|
Batting: LHB Matt Evans
|
0-0: Ball 1-0: Ball 2-0: Called Strike 2-1: 3-RUN HOME RUN (Flyball, 78XD, EV 109.4 MPH), Distance : 420 ft
|
Pitching: RHP Fernando Casteneda
|
|
Batting: RHB Xavier Robinson
|
0-0: Swinging Strike 0-1: Swinging Strike 0-2: Ground out 3-1 (Groundball, 34, EV 101.9 MPH)
|
Batting: SHB Dave Torres
|
0-0: Ball 1-0: Ground out U3 (Groundball, 3, EV 84.4 MPH)
|
Bottom of the 8th over - 3 runs, 2 hits, 0 errors, 0 left on base; Frisco 3 - Springfield 7 |
TOP OF THE 9TH |
Frisco RoughRiders batting - Pitching for Springfield Cardinals : RHP Brian Pitts
|
Batting: RHB Scott Anderson
|
0-0: Ball 1-0: Ball 2-0: Ball 3-0: Called Strike 3-1: Foul Ball, location: 2F 3-2: Strikes out looking
|
Batting: LHB Miguel Calderon
|
0-0: Ground out U3 (Groundball, 3, EV 70.0 MPH)
|
Batting: RHB Steve Fitzpatrick
|
0-0: Called Strike 0-1: Foul Ball, location: 2F 0-2: Ball 1-2: SOLO HOME RUN (Flyball, 78XD, EV 101.9 MPH), Distance : 394 ft
|
Batting: LHB Chris Franklin
|
0-0: Ball 1-0: Ball 2-0: Ball 3-0: Called Strike 3-1: Base on Balls
|
Batting: RHB Eddie Phillips
|
0-0: Swinging Strike 0-1: Called Strike 0-2: Foul Ball, location: 7LSF 0-2: Foul Ball, location: 23F 0-2: Ball 1-2: Strikes out swinging
|
Top of the 9th over - 1 run, 1 hit, 0 errors, 1 left on base; Frisco 4 - Springfield 7 |
|